 Dungeon Crawl Stone Soup version 0.24-a0-201-gf2055891f0 (webtiles) character file.

Game seed: 16837451783846002753

3187 MrRokkomies the Fighter (level 9, 0/105 HPs)
             Began as an Ogre Hunter on Mar 21, 2019.
             Slain by a killer bee (3 damage)
             ... on level 8 of the Dungeon on Mar 22, 2019.
             The game lasted 00:24:38 (6653 turns).

MrRokkomies the Fighter (Ogre Hunter)               Turns: 6653, Time: 00:24:38

Health: 0/105      AC:  7    Str: 18    XL:     9   Next: 95%
Magic:  18/18      EV: 10    Int: 12    God:
Gold:   151        SH:  0    Dex: 12    Spells: 8/8 levels left

rFire    + . .     SeeInvis .   a - +0 lajatang
rCold    + . .     Gourm    .   (shield currently unavailable)
rNeg     . . .     Faith    .   g - +2 robe {rC+ rF+}
rPois    .         Spirit   .   (helmet restricted)
rElec    .         Reflect  .   B - +1 cloak
rCorr    .         Harm     .   (gloves unavailable)
MR       .....                  (boots unavailable)
Stlth    +.........             y - amulet of regeneration
HPRegen  0.67/turn              j - ring of magical power
MPRegen  0.16/turn              (no ring)

@: lethally poisoned (0 -> -4)
A: large, unfitting armour, tough skin 1
a: no special abilities


You were on level 8 of the Dungeon.
You were hungry.

You visited 1 branch of the dungeon, and saw 8 of its levels.

You collected 320 gold pieces.
You spent 169 gold pieces at shops.

Inventory:

Hand Weapons
 a - a +0 lajatang (weapon)
 b - a +0 blowgun
 x - a +2 dagger of protection
Missiles
 c - 4 large rocks
 d - 2 throwing nets
 e - 171 stones (quivered)
Armour
 g - a +2 robe of resistance (worn)
 B - a +1 cloak (worn)
Jewellery
 j - a ring of magical power (left hand)
 y - an amulet of regeneration (around neck)
Wands
 p - a wand of paralysis (6)
 A - a wand of flame (14)
Scrolls
 i - a scroll of amnesia
 m - 2 scrolls of remove curse
 t - 2 scrolls of identify
 w - a scroll of blinking
Potions
 l - a potion of might {unknown}
 n - a potion of agility {unknown}
 q - a potion of invisibility {unknown}
 r - 2 potions of berserk rage
 s - a potion of mutation {unknown}
 u - a potion of magic {unknown}
 z - 2 potions of flight
Comestibles
 f - 8 rations


   Skills:
 - Level 11.0 Fighting
 * Level 5.5 Staves
 * Level 10.0 Throwing
 - Level 1.7 Dodging
 - Level 0.6 Stealth


You had 8 spell levels left.
You didn't know any spells.
Your spell library contained the following spells:

 Spells                   Type           Power        Failure   Level  Hunger
 Confusing Touch          Hex            #.....       32%         1    ##.....
 Confuse                  Hex            #.......     69%         3    ####...
 Gell's Gravitas          Tloc           #.........   69%         3    ####...
 Petrify                  Tmut/Erth      #.......     97%         4    #####..
 Metabolic Englaciation   Hex/Ice        #.........   100%        5    ######.
 Yara's Violent Unravell  Hex/Tmut       #.........   100%        5    ######.


Dungeon Overview and Level Annotations

Branches:
Dungeon (8/15)             Temple (0/1) D:7
   Lair: D:8-11

Altars:
Ru
Trog

Shops:
D:4 !

Annotations:
D:6 3 runed translucent doors, Shinnjin's ghost, novice MiBe; iamserjio's ghost, novice OpWn; loom's ghost, novice NaVM; tabo's ghost, novice TrMo


Innate Abilities, Weirdness & Mutations

You are too large for most types of armour.
You have tough skin. (AC +1)


Message History

You feel less confused.
* * * LOW HITPOINT WARNING * * *
You feel sick. The killer bee stings you!
* * * LOW HITPOINT WARNING * * *
You are confused.
You feel invigorated.
* * * LOW HITPOINT WARNING * * *
You feel sick. The killer bee completely misses you.
The killer bee stings you but does no damage.
You miss the killer bee.
The killer bee is severely wounded.
You feel sick. The killer bee stings you.
* * * LOW HITPOINT WARNING * * *
The killer bee stings you but does no damage.
You bump into the rock wall.
You feel less invigorated.
You feel less confused.
You feel sick. The killer bee stings you.
* * * LOW HITPOINT WARNING * * *
The killer bee stings you.
You die...

. .( ..( ....
(..#
########(.#
##...#@y(((#
##......###.#
#.......#
#.......#
#.......#
##.....##
##.....##
#.......#
#.......#


You could see a killer bee.

Vanquished Creatures
  Grinder (D:3)
  Sigmund (D:3)
  An ice beast (D:6)
  A sky beast (D:7)
  A hornet zombie (D:8)
  6 ogres
  A phantom (D:7)
  2 centaurs
  4 bullfrogs
  3 scorpions
  10 killer bees
  5 wights
  2 howler monkeys
  A crimson imp (D:6)
  A centaur zombie (D:7)
  A quasit (D:5)
  2 hounds
  2 orc wizards
  Jessica (D:2)
  2 iguanas
  7 worker ants
  A hound skeleton (D:5)
  A howler monkey zombie (D:6)
  A worker ant zombie (D:6)
  2 howler monkey skeletons
  5 adders
  3 adder skeletons
  4 worms
  6 dart slugs
  4 leopard geckos
  14 orcs
  2 giant cockroaches
  10 hobgoblins
  8 jackals
  2 quokkas
  4 ball pythons
  6 bats
  5 frilled lizards
  5 goblins
  A jackal zombie (D:6)
  3 kobolds
  A leopard gecko skeleton (D:5)
  4 rats
147 creatures vanquished.

Notes
Turn   | Place    | Note
-------+----------+-------------------------------------------
     0 | D:1      | MrRokkomies the Ogre Hunter began the quest for the Orb.
     0 | D:1      | Reached XP level 1. HP: 22/22 MP: 1/1
   255 | D:1      | Reached skill level 3 in Fighting
   324 | D:1      | Reached XP level 2. HP: 25/31 MP: 2/2
   796 | D:1      | Reached XP level 3. HP: 21/39 MP: 3/3
  1420 | D:2      | Noticed Jessica
  1426 | D:2      | Killed Jessica
  1426 | D:2      | Reached skill level 4 in Fighting
  1426 | D:2      | Reached XP level 4. HP: 49/49 MP: 4/4
  1581 | D:2      | Found a sacrificial altar of Ru.
  1996 | D:3      | Found a bloodstained altar of Trog.
  2051 | D:3      | Reached skill level 5 in Throwing
  2120 | D:3      | Noticed Sigmund
  2132 | D:3      | Killed Sigmund
  2132 | D:3      | Reached skill level 6 in Fighting
  2132 | D:3      | Reached XP level 5. HP: 59/59 MP: 5/5
  2132 | D:3      | Reached XP level 6. HP: 67/67 MP: 6/6
  2182 | D:3      | Noticed Grinder
  2188 | D:3      | Paralysed by Grinder for 5 turns
  2200 | D:3      | Killed Grinder
  2200 | D:3      | Reached skill level 7 in Fighting
  2200 | D:3      | Reached XP level 7. HP: 50/78 MP: 7/7
  3012 | D:4      | Found Asut's Distillery.
  3021 | D:4      | Bought a potion of curing for 39 gold pieces
  3021 | D:4      | Bought 2 potions of heal wounds for 130 gold pieces
  3438 | D:5      | Entered Level 5 of the Dungeon
  3768 | D:5      | Reached skill level 8 in Fighting
  3835 | D:5      | Reached skill level 1 in Staves
  3835 | D:5      | HP: 3/80 [worker ant (2)]
  3847 | D:5      | Reached XP level 8. HP: 55/89 MP: 8/8
  4739 | D:6      | Reached skill level 9 in Fighting
  4741 | D:6      | Found a runed translucent gate.
  4741 | D:6      | Found a runed translucent gate.
  4741 | D:6      | Found a runed translucent gate.
  5339 | D:6      | Reached skill level 10 in Fighting
  5342 | D:6      | Reached XP level 9. HP: 87/101 MP: 9/9
  5593 | D:6      | Noticed tabo's ghost (novice TrMo)
  5594 | D:6      | Noticed Shinnjin's ghost (novice MiBe)
  5595 | D:6      | Noticed iamserjio's ghost (novice OpWn)
  5595 | D:6      | Noticed loom's ghost (novice NaVM)
  5794 | D:7      | Found a staircase to the Ecumenical Temple.
  6326 | D:7      | Reached skill level 11 in Fighting
  6412 | D:7      | Noticed a two-headed ogre
  6416 | D:7      | Reached skill level 5 in Staves
  6627 | D:8      | Reached skill level 10 in Throwing
  6642 | D:8      | HP: 4/105 [killer bee (9)]
  6647 | D:8      | HP: 5/105 [killer bee (1)]
  6650 | D:8      | HP: 1/105 [killer bee (7)]
  6653 | D:8      | Slain by a killer bee

Levels and vault maps discovered:
D:1:      evilmike_arrival_run_for_it, layout_basic, minmay_quantized
D:2:      layout_loops_corners, marbit_many_paths,
          chequers_serial_rivers_small_b, uniq_jessica
D:3:      layout_basic, trog_book, uniq_sigmund, uniq_grinder
D:4:      layout_basic, serial_shops, shop, minivault_24
D:5:      layout_basic, first_ration
D:6:      layout_loops_corners, gammafunk_ghost_cemetery,
          hangedman_decor_peaks_small
D:7:      minmay_chambers_of_sevens, layout_loops_cross,
          minmay_temple_entry_mist, gammafunk_ghost_cemetery
D:8:      layout_rooms, special_room [special_room_kobold], basic_altar,
          serial_aquarium, aquarium_bridge_long_joined
          [aquarium_subvault_window, aquarium_subvault_bridge,
          aquarium_subvault_bridge, aquarium_subvault_bridge,
          aquarium_subvault_window, aquarium_subvault_balcony],
          aquarium_bridge_straight [aquarium_subvault_bridge,
          aquarium_subvault_wall, aquarium_subvault_bridge,
          aquarium_subvault_window], aquarium_window_fake, aquarium_window_fake,
          aquarium_view_2c, aquarium_balcony_1b, uniq_joseph

Skill      XL: |  1  2  3  4  5  6  7  8  9 |
---------------+----------------------------+-----
Fighting       | 3 4 6 7 8 10 11 | 11.0
Throwing       | 5 6 7 8 10 | 10.0
Staves         | 1 3 5 |  5.5
Dodging        | |  1.7
Stealth        | |  0.6

Action                   |  1- 3 |  4- 6 |  7- 9 || total
-------------------------+-------+-------+-------++-------
Melee: Short sword       |    25 |       |       ||    25
       Mace              |    24 |       |       ||    24
       Dagger            |    27 |    95 |    53 ||   175
       Lajatang          |       |       |   377 ||   377
 Fire: Blowgun           |       |       |    47 ||    47
Throw: Stone             |    17 |     3 |    56 ||    76
       Large rock        |     1 |     4 |    14 ||    19
       Throwing net      |       |     2 |     2 ||     4
Evoke: Wand              |       |     1 |     1 ||     2
  Use: Scroll            |     3 |     3 |     9 ||    15
       Potion            |       |     2 |    17 ||    19
 Stab: Paralysed         |       |     7 |       ||     7
       Sleeping          |       |     1 |     1 ||     2
  Eat: Chunk             |     2 |     2 |    11 ||    15
       Ration            |       |       |     1 ||     1
Armor: Robe              |    26 |    58 |   176 ||   260
       Skin              |       |       |    90 ||    90
Dodge: Dodged            |    58 |    60 |   306 ||   424

Table legend:
 A = Non-vault XP
 B = Vault XP
 C = Vault XP percentage of total XP
 D = Non-vault monster count
 E = Vault monster count
 F = Vault count percentage of total count
                 A         B        C        D         E       F
            +---------+---------+-------+---------+---------+-------
      Total |    3438 |    1116 |  24.5 |     130 |      17 |  11.6
            +---------+---------+-------+---------+---------+-------
        D:1 |      23 |      14 |  37.8 |      12 |       6 |  33.3
        D:2 |      38 |      38 |  50.0 |      14 |       2 |  12.5
        D:3 |     110 |     517 |  82.5 |      26 |       2 |   7.1
        D:4 |     146 |       0 |   0.0 |       5 |       0 |   0.0
        D:5 |     608 |       0 |   0.0 |      25 |       0 |   0.0
        D:6 |    1000 |       0 |   0.0 |      20 |       0 |   0.0
        D:7 |    1069 |     547 |  33.8 |      22 |       7 |  24.1
        D:8 |     444 |       0 |   0.0 |       6 |       0 |   0.0
            +---------+---------+-------+---------+---------+-------
